 Dungeon Crawl Stone Soup version 0.28.0-43-g3370ac3207 (webtiles) character file.

Game seed: 12622926750790742390

2396 Cykl0x the Geomancer (level 9, -3/51 HPs)
             Began as a Gargoyle Earth Elementalist on Mar 11, 2022.
             Was an Initiate of Vehumet.
             Slain by Maggie
             ... wielding a +1 morningstar of draining
              (15 damage)
             ... on level 7 of the Dungeon.
             The game lasted 00:16:17 (9295 turns).

Cykl0x the Geomancer (Gargoyle Earth Elementalist)  Turns: 9295, Time: 00:16:18

Health: -3/51      AC: 20    Str: 14    XL:     9   Next: 46%
Magic:  1/17       EV: 11    Int: 21    God:    Vehumet [......]
Gold:   443        SH:  0    Dex: 10    Spells: 15/19 levels left

rFire   . . .      SeeInvis .   j - +0 long sword
rCold   . . .      Faith    .   (no shield)
rNeg    + . .      Spirit   .   q - +0 ring mail
rPois   ∞          Reflect  .   A - +2 helmet {Int+3}
rElec   +          Harm     .   (no cloak)
rCorr   +          Rampage  .   u - +0 pair of gloves
Will    .....                   (no boots)
Stlth   +.........              (no amulet)
HPRegen 0.17/turn               a - +4 ring of protection
MPRegen 0.15/turn               g - ring of resist corrosion

@: very slightly contaminated
A: sickness immunity, AC +6, negative energy resistance 1, electricity
resistance, torment resistance 1, petrification resistance
a: Renounce Religion


You were on level 7 of the Dungeon.
You worshipped Vehumet.
Vehumet was noncommittal.
You visited 2 branches of the dungeon, and saw 8 of its levels.
You also visited: Sewer.

You collected 443 gold pieces.

Inventory:

Hand Weapons
 d - a +1 dagger
 j - a +0 long sword (weapon)
 l - a +1 dagger of venom
 G - a +0 rapier
Missiles
 c - 68 stones
Armour
 b - a +0 robe
 m - a +0 helmet
 n - a +0 leather armour
 q - a +0 ring mail (worn)
 u - a +0 pair of gloves (worn)
 v - the +14 tower shield "Ybaick" {Harm Int+3 Dex-2 Stlth+}
   (You found it on level 4 of the Dungeon)

   Int:       It affects your intelligence (+3).
   Dex:       It affects your dexterity (-2).
   Harm:      It increases damage dealt and taken.
   Stlth:     It makes you more stealthy.
 A - a +2 helmet of intelligence (worn)
Jewellery
 a - a +4 ring of protection (left hand)
 g - a ring of resist corrosion (right hand)
 z - a +6 ring of strength
Wands
 o - a wand of acid (12)
 D - a wand of flame (20)
 I - a wand of polymorph (3)
Scrolls
 k - a scroll of immolation
 s - 3 scrolls of enchant weapon
 y - a scroll of fog {unknown}
 E - a scroll of identify
 H - a scroll of teleportation
Potions
 e - 2 potions of haste
 f - a potion of cancellation
 h - 2 potions of curing
 i - 3 potions of mutation
 p - a potion of attraction
 r - 6 potions of might
 t - a potion of heal wounds {unknown}
 w - a potion of invisibility {unknown}
 x - 2 potions of degeneration {unknown}
 B - 2 potions of lignification {unknown}
 C - a potion of resistance {unknown}
 F - a potion of brilliance {unknown}


   Skills:
 * Level 3.4 Fighting
 + Level 2.5 Long Blades
 + Level 3.0 Armour
 + Level 2.4 Dodging
 - Level 2.1 Stealth
 * Level 2.9 Shields
 + Level 5.6 Spellcasting
 * Level 6.3 Conjurations
 - Level 0.7 Transmutations
 + Level 8.3 Earth Magic
 + Level 0.1 Evocations


You had 15 spell levels left.
You knew the following spells:

 Your Spells              Type           Power      Damage    Failure   Level
a - Sandblast             Erth           82%        2d17      1%          1
b - Stone Arrow           Conj/Erth      72%        3d11      3%          3

Your spell library contained the following spells:

 Spells                   Type           Power      Damage    Failure   Level
 Passwall                 Tmut/Erth      20%        N/A       4%          2
 Foxfire                  Conj/Fire      76%        2x1d7     5%          1
 Conjure Flame            Conj/Fire      19%        6-21      16%         3
 Petrify                  Tmut/Erth      24%        N/A       30%         4
 Flame Wave               Conj/Fire      19%        2d6       47%         4
 Inner Flame              Hex/Fire       5%         N/A       52%         3


Dungeon Overview and Level Annotations

Branches:
Dungeon (7/15)             Temple (1/1) D:5           Sewer (visited)

Altars:
Ashenzari
Cheibriados
Gozag
Hepliaklqana
Kikubaaqudgha
Makhleb
Okawaru
Sif Muna
Trog
Uskayaw
Vehumet
Wu Jian
Xom
Yredelemnul
The Shining One

Shops:
D:3 *   D:5 (

Annotations:
D:7 Maggie


Innate Abilities, Weirdness & Mutations

You are immune to sickness and miasma.
Your stone body is resilient. (AC +6)
You are immune to poison.
You resist negative energy. (rN+)
You are resistant to electric shocks. (rElec)
You are resistant to unholy torment.
You are immune to petrification.


Message History

Vehumet accepts your kill.
You miscast Stone Arrow.
You are very lightly contaminated with residual magic.
Nothing appears to happen.
Maggie is nearby!
The stone arrow hits Maggie!
Maggie is moderately wounded.
The stone arrow misses Maggie.
Maggie hits you with a +1 morningstar of draining!
You don't have enough magic to cast this spell.
You don't have enough magic to cast this spell.
Casting: Stone Arrow (dangerous; 3% risk of failure)
Confirm with . or Enter, or press ? or * to list all spells.
Aiming: Sandblast (safe; 1% risk of failure)
Press: ? - help, Shift-Dir - straight line, f/p - Maggie
Aim: Maggie, wielding a +1 morningstar of draining and wearing +0 acid dragon scales (moderately wounded, 83% to hit)
The blast of sand hits Maggie!
Maggie is heavily wounded.
c - 69 stones Maggie mumbles the words to a spell, but in the wrong order.
Maggie gestures at you while chanting. The bolt of fire hits you!!
Ouch! That really hurt!
* * * LOW HITPOINT WARNING * * *
Casting: Sandblast (safe; 1% risk of failure)
Confirm with . or Enter, or press ? or * to list all spells.
Aiming: Sandblast (safe; 1% risk of failure)
Press: ? - help, Shift-Dir - straight line, f/p - Maggie
Aim: Maggie, wielding a +1 morningstar of draining and wearing +0 acid dragon scales (heavily wounded, 83% to hit)
The blast of sand misses Maggie.
c - 68 stones Maggie gestures at you while chanting.
The bolt of fire misses you.
You feel better. Maggie gestures at you while chanting.
The bolt of fire hits you!
* * * LOW HITPOINT WARNING * * *
You feel better.
Maggie hits you with a +1 morningstar of draining!
You die...

#.# #.## #..# #..##
#...####
###########.#....
#........##.#..#####
#####........##.#......#
...............>@....#
#####.......†####@#...#
#.....##### .# .#
#.###.# .. ####.# #.#
.#. #)...# #.# .#..
#.######.. .# ..
.......### .# ...
.......#


You could see Maggie.

Vanquished Creatures
  Grinder (D:3)
  Sigmund (D:3)
  2 water moccasins
  A sky beast (D:6)
  An ogre (D:4)
  A black bear (D:5)
  A centaur (D:5)
  A kobold brigand (D:4)
  5 scorpions
  A water moccasin skeleton (D:5)
  A howler monkey (D:6)
  A bullfrog zombie (D:5)
  A bullfrog skeleton (D:3)
  4 orc priests
  A gnoll shaman (D:5)
  3 hounds
  A jelly (D:6)
  4 iguanas
  Natasha (thrice) (D:3)
  5 orc wizards
  Terence (D:3)
  2 howler monkey zombies
  Robin (D:3)
  13 adders
  8 gnolls
  A shadow imp (D:7)
  3 worms
  A dart slug (D:4)
  29 orcs
  9 bats
  6 endoplasms
  7 giant cockroaches
  20 goblins
  7 hobgoblins
  5 kobolds
  3 quokkas
  9 ball pythons
  13 frilled lizards
  6 rats
  2 toadstools (D:6)
185 creatures vanquished.

Vanquished Creatures (collateral kills)
  2 gnolls (D:5)
2 creatures vanquished.

Vanquished Creatures (others)
  12 fungi
  3 toadstools (D:6)
15 creatures vanquished.

Grand Total: 202 creatures vanquished

Notes
Turn   | Place    | Note
-------+----------+-------------------------------------------
     0 | D:1      | Cykl0x the Gargoyle Earth Elementalist began the quest for
                  | the Orb.
     0 | D:1      | Reached XP level 1. HP: 10/10 MP: 3/3
   138 | D:1      | Reached skill level 4 in Earth Magic
   138 | D:1      | Reached XP level 2. HP: 15/15 MP: 0/5
   745 | D:1      | Reached skill level 1 in Conjurations
   745 | D:1      | Reached XP level 3. HP: 19/19 MP: 3/6
   749 | D:1      | Learned a level 3 spell: Stone Arrow
  1504 | D:2      | Reached XP level 4. HP: 24/24 MP: 4/8
  2291 | D:3      | Noticed Grinder
  2305 | D:3      | Paralysed by Grinder for 5 turns
  2755 | D:3      | Killed Grinder
  2756 | D:3      | Reached skill level 5 in Earth Magic
  2756 | D:3      | Reached XP level 5. HP: 28/28 MP: 1/11
  2756 | D:3      | Reached XP level 6. HP: 32/32 MP: 1/12
  3102 | D:3      | Found Zonuikir's General Store.
  3122 | D:3      | Reached skill level 6 in Earth Magic
  3258 | D:3      | Noticed Robin
  3267 | D:3      | Killed Robin
  3489 | D:3      | Reached XP level 7. HP: 36/36 MP: 6/13
  3822 | D:3      | Noticed Natasha
  3834 | D:3      | Killed Natasha
  3834 | D:3      | Noticed Natasha
  3863 | D:3      | Killed Natasha
  4095 | D:3      | Noticed Sigmund
  4098 | D:3      | Killed Sigmund
  4099 | D:3      | Reached skill level 1 in Armour
  4239 | D:3      | Noticed Natasha
  4241 | D:3      | Killed Natasha
  4414 | D:3      | Noticed Terence
  4417 | D:3      | Killed Terence
  4418 | D:3      | Reached skill level 7 in Earth Magic
  4820 | D:4      | Reached skill level 1 in Long Blades
  4872 | D:4      | Reached XP level 8. HP: 40/42 MP: 1/15
  5128 | D:4      | Reached skill level 5 in Conjurations
  5821 | D:4      | Found a hazy altar of Hepliaklqana.
  6072 | D:4      | Reached skill level 1 in Fighting
  6072 | D:4      | Reached skill level 5 in Spellcasting
  6135 | D:4      | Identified the +14 tower shield "Ybaick" {Harm Int+3 Dex-2
                  | Stlth+}
  6324 | D:5      | Entered Level 5 of the Dungeon
  6507 | D:5      | Found a glowing drain.
  6516 | Sewer    | Entered a sewer
  6885 | Sewer    | Reached skill level 1 in Shields
  7448 | D:5      | Reached skill level 8 in Earth Magic
  7520 | D:5      | Found a staircase to the Ecumenical Temple.
  7526 | Temple   | Entered the Ecumenical Temple
  7636 | Temple   | Became a worshipper of Vehumet
  7683 | D:5      | Reached XP level 9. HP: 48/48 MP: 9/17
  7818 | D:5      | Found Itseom's Antique Weapon Emporium.
  8313 | D:6      | Found an ornate altar of the Wu Jian Council.
  8890 | D:7      | Found a shimmering altar of Xom.
  8999 | D:7      | Found a hide-covered altar of Uskayaw.
  9045 | D:7      | Found an opulent altar of Gozag.
  9287 | D:7      | Noticed Maggie
  9294 | D:7      | HP: 2/51 [Maggie/bolt of fire (14)]
  9295 | D:7      | Slain by Maggie

Illustrated notes

Levels and vault maps discovered:
D:1:      dpeg_arrival_refuge, layout_loops_ring
D:2:      layout_loops_cross
D:3:      layout_basic, serial_shops, nicolae_lakefront_shop, st_stairs_4,
          uniq_robin, uniq_terence, uniq_grinder, uniq_sigmund, uniq_natasha
D:4:      layout_basic, mainiacjoe_overflow_chevrons, minmay_misc_feat_columns
D:5:      layout_rooms, minmay_temple_entry_arrows,
          cheibrodos_sewer_entry_drain, serial_shops, shop, abandoned_shop,
          corexii_shack
D:6:      layout_cave_pools, mainiacjoe_overflow_alcove_4, minmay_holes,
          minmay_gold_behind_fungi
D:7:      layout_basic, zin_treasury, old_standard_altar,
          mainiacjoe_overflow_large_starburst, serial_curves, eino_curves_04,
          eino_curves_02, glass_columns_c, minmay_manual_macuahuitl,
          uniq_duvessa, uniq_menkaure, uniq_maggie
Temple:   eino_wide_crystal_templ

Skill      XL: |  1  2  3  4  5  6  7  8  9 |
---------------+----------------------------+-----
Earth Magic    | 4 5 6 7 8 |  8.3
Conjurations   | 1 2 3 4 5 6 |  6.3
Spellcasting   | 4 5 |  5.6
Armour         | 1 2 3 |  3.0
Long Blades    | 1 2 |  2.5
Dodging        | 2 |  2.4
Fighting       | 2 3 |  3.4
Shields        | 1 2 |  2.9
Stealth        | |  2.1
Transmutations | |  0.7
Evocations     | |  0.1

Action                   |  1- 3 |  4- 6 |  7- 9 || total
-------------------------+-------+-------+-------++-------
Melee: Dagger            |       |     9 |       ||     9
       Long sword        |       |    15 |   130 ||   145
       Punch             |       |       |     1 ||     1
 Cast: Sandblast         |    26 |    25 |    21 ||    72
       Stone Arrow       |    13 |    31 |   130 ||   174
Evoke: Wand              |       |       |     3 ||     3
  Use: Scroll            |     4 |     6 |     8 ||    18
       Potion            |       |     1 |     3 ||     4
 Stab: Confused          |       |       |     1 ||     1
Armor: Robe              |     1 |    14 |       ||    15
       Leather armour    |       |       |    48 ||    48
       Ring mail         |       |       |   139 ||   139
Dodge: Dodged            |     8 |    18 |   132 ||   158
